 Dungeon Crawl Stone Soup version 0.30-a0-1050-g2766ea1e55 (webtiles) character file.

Game seed: 6129176949066260377

22 Arcadio the Grave Robber (level 2, -1/20 HPs)
             Began as a Ghoul Necromancer on Apr 10, 2023.
             Slain by a goblin
             ... wielding a +0 dagger
              (3 damage)
             ... on level 1 of the Dungeon.
             The game lasted 00:01:52 (223 turns).

Arcadio the Grave Robber (Ghoul Necromancer)         Turns: 223, Time: 00:01:53

Health: -1/20      AC:  2    Str: 11    XL:     2   Next: 91%
Magic:  0/4        EV: 12    Int: 10    God:
Gold:   27         SH:  0    Dex:  9    Spells: 4/5 levels left

rFire   . . .      SeeInvis .    (no weapon)
rCold   + . .      Faith    .    (no shield)
rNeg    + + +      Spirit   .    a - +0 robe
rPois   ∞          Reflect  .    (no helmet)
rElec   .          Rampage  .    (no cloak)
rCorr   .                        (no gloves)
Will    .....                    (no boots)
Stlth   ++                       (no amulet)
HPRegen 0.00/turn                (no ring)
MPRegen 0.09/turn                (no ring)

@: inhibited regen
A: claws 1, cold resistance 1, negative energy resistance 3, inhibited
regeneration, torment resistance 2, devour on kill
a: no special abilities


You were on level 1 of the Dungeon.
You visited 1 branch of the dungeon, and saw 2 of its levels.

You collected 27 gold pieces.

Inventory:

Armour
 a - a +0 robe (worn)
Scrolls
 c - a scroll of identify {unknown}
 d - a scroll of fog {unknown}
 e - a scroll of noise {unknown}
Potions
 b - a potion of magic
 f - a potion of might {unknown}
 g - 2 potions of attraction {unknown}


   Skills:
 + Level 2.1 Dodging
 - Level 2.1 Stealth
 + Level 2.0 Spellcasting
 * Level 4.4 Necromancy


You had 4 spell levels left.
You knew the following spells:

 Your Spells              Type           Power      Damage    Failure   Level
a - Necrotise             Necr           36%        1d5       4%          1

Your spell library contained the following spells:

 Spells                   Type           Power      Damage    Failure   Level
 Vampiric Draining        Necr           9%         2d6       16%         3
 Animate Dead             Necr           9%         N/A       45%         4
 Agony                    Necr           9%         N/A       80%         5


Dungeon Overview and Level Annotations

Branches:
Dungeon (2/15) Zot: 11775

Altars:


Innate Abilities, Weirdness & Mutations

You are immune to poison.
You have sharp fingernails.
Your flesh is cold resistant. (rC+)
You are immune to negative energy. (rN+++)
You do not regenerate when monsters are visible.
You are immune to unholy pain and torment.
You thrive by killing the living.


Message History

You kill the jackal!
You feel better. The jackal closely misses you.
A goblin comes into view. It is wielding a +0 dagger.
Your jackal skeleton bites the jackal but does no damage.
The jackal bites you.
You scratch the jackal but do no damage.
The jackal barely misses you.
Your jackal skeleton completely misses the jackal.
The goblin barely misses your jackal skeleton.
You barely miss the jackal. The jackal bites you.
Your jackal skeleton bites the jackal but does no damage.
The goblin barely misses your jackal skeleton.
The jackal closely misses you.
You closely miss the jackal.
Your jackal skeleton barely misses the jackal.
The goblin barely misses your jackal skeleton.
The jackal barely misses you.
Your jackal skeleton barely misses the jackal.
You closely miss the jackal. The jackal bites you.
The goblin hits your jackal skeleton with a +0 dagger.
Your jackal skeleton is destroyed!
You scratch the jackal but do no damage.
The jackal bites you. The jackal completely misses you.
Casting: Necrotise (safe; 4% risk of failure)
Confirm with . or Enter, or press ? or * to list all spells.
Aiming: Necrotise (safe; 4% risk of failure)
Press: ? - help, Shift-Dir - straight line, f - jackal
Aim: a jackal (chance to affect: 76%)
The jackal writhes in agony.
The jackal barely misses you.
You closely miss the jackal.
The jackal is almost dead.
The jackal bites you. The goblin hits you with a +0 dagger.
* * * LOW HITPOINT WARNING * * *
The jackal barely misses you.
You scratch the jackal.
You kill the jackal!
You feel better. The goblin hits you with a +0 dagger.
* * * LOW HITPOINT WARNING * * *
You barely miss the goblin. The goblin hits you with a +0 dagger.
You die...

## ##### #8. .... #.. ###
#######.#
##...##8###8#.....#
.......†..........+
...⌠...†@....)....#
.......g..........#
##$..##8###8#####.#######
#.. ### ###............
#8. #.. #.....#....... ##
#... #.....#....... #...
+.....+>.....#
#....#.....#.######
#....#.....#.#


You could see a goblin.

Vanquished Creatures
  An adder (D:2)
  A bat (D:2)
  A hobgoblin (D:1)
  4 jackals (D:1)
  2 ball pythons
  A rat (D:1)
10 creatures vanquished.

Vanquished Creatures (collateral kills)
  A goblin (D:1)
  A ball python (D:2)
2 creatures vanquished.

Grand Total: 12 creatures vanquished

Notes
Turn   | Place    | Note
-------+----------+-------------------------------------------
     0 | D:1      | Arcadio the Ghoul Necromancer began the quest for the Orb.
     0 | D:1      | Reached XP level 1. HP: 14/14 MP: 2/2
   102 | D:1      | You fall into a shaft and drop 1 floor!
   141 | D:2      | Reached XP level 2. HP: 20/20 MP: 4/4
   223 | D:1      | Slain by a goblin

Illustrated notes

Levels and vault maps discovered:
D:1:      saegor_arrival_under_anarchy, layout_basic, serial_corexii_hall,
          corexii_hall_statues_x, corexii_hall_statues_i, basic_ecumenical_altar
D:2:      layout_basic, serial_shops, shop_statue, uniq_crazy_yiuf_cottage,
          uniq_terence

Skill      XL: |  1 |
---------------+----+-----
Dodging        | 2 |  2.1
Spellcasting   | 2 |  2.0
Stealth        | |  2.1
Necromancy     | |  4.4

Action                     || total
---------------------------++-------
  Melee: Unarmed           ||    26
         Punch             ||     1
   Cast: Necrotise         ||    13
 Armour: Robe              ||     8
  Dodge: Dodged            ||    33

Table legend: (Time is in decaauts)
 A = Elapsed time spent in this place.
 B = Non-inter-level travel time spent in this place.
 C = Inter-level travel time spent in this place.
 D = Time resting spent in this place.
 E = Time spent auto-exploring this place.
 F = Levels seen in this place.
 G = Mean time per level.
                   A        B        C        D        E       F      G
               +--------+--------+--------+--------+--------+-----+--------+
         Total |    223 |    223 |      0 |      0 |     90 |   2 |  111.5 |
       Dungeon |    223 |    223 |      0 |      0 |     90 |   2 |  111.5 |
               +--------+--------+--------+--------+--------+-----+--------+

Top non-repeatable levels by time:
     D:1: 158 daAuts
     D:2: 64 daAuts
